 Dungeon Crawl Stone Soup version 0.30-a0-250-g41c1d76940 (webtiles) character file.

Game seed: 752329067642507572

433 croobank the Stinger (level 7, 0/55 HPs)
             Began as a Naga Venom Mage on Oct 12, 2022.
             Succumbed to a scorpion's poison
             ... on level 5 of the Dungeon.
             The game lasted 00:21:57 (4238 turns).

croobank the Stinger (Naga Venom Mage)              Turns: 4238, Time: 00:21:58

Health: 0/55       AC:  3    Str: 10    XL:     7   Next: 0%
Magic:  12/12      EV: 10    Int: 18    God:
Gold:   321        SH:  0    Dex: 11    Spells: 7/13 levels left

rFire   . . .      SeeInvis +    u - +1 short sword (drain)
rCold   . . .      Faith    .    (no shield)
rNeg    . . .      Spirit   .    a - +0 robe
rPois   +          Reflect  .    (no helmet)
rElec   .          Harm     .    (no cloak)
rCorr   .          Rampage  .    (no gloves)
Will    .....                    (no barding)
Stlth   ++........               (no amulet)
HPRegen 0.29/turn                s - ring of wizardry
MPRegen 0.13/turn                (no ring)

@: lethally poisoned (0 -> -2), on berserk cooldown, hasted and slowed, very
slow
A: AC +2, large, see invisible, deformed body, poison resistance, slowness 2,
spit poison 1, naga tail 1
a: Spit Poison


You were on level 5 of the Dungeon.
You visited 1 branch of the dungeon, and saw 5 of its levels.

You collected 321 gold pieces.

Inventory:

Hand Weapons
 p - a +0 hand axe
 u - a +1 short sword of draining (weapon)
 v - a +3 dagger
Missiles
 c - 4 javelins
 n - 13 poisoned darts
 t - 4 atropa-tipped darts
Armour
 a - a +0 robe (worn)
 e - a +0 buckler
 g - a +0 leather armour
 h - a +0 ring mail
Jewellery
 s - a ring of wizardry (left hand)
Wands
 q - a wand of mindburst (18)
Scrolls
 i - a scroll of vulnerability
 k - a scroll of identify
 m - 3 scrolls of teleportation
Potions
 b - a potion of magic
 d - 3 potions of attraction
 w - a potion of haste


   Skills:
 - Level 1.8 Dodging
 - Level 3.5 Stealth
 + Level 3.6 Spellcasting
 + Level 3.0 Conjurations
 - Level 1.7 Transmutations
 + Level 3.1 Air Magic
 - Level 5.5 Poison Magic


You had 7 spell levels left.
You knew the following spells:

 Your Spells              Type           Power      Damage    Failure   Level
a - Sting                 Tmut/Pois      64%        1d6       1%          1
b - Poisonous Vapours     Pois/Air       36%        N/A       1%          2
c - Mephitic Cloud        Conj/Pois/Air  17%        N/A       4%          3

Your spell library contained the following spells:

 Spells                   Type           Power      Damage    Failure   Level
 Spider Form              Tmut/Pois      16%        N/A       4%          3
 Olgreb's Toxic Radiance  Pois           23%        N/A       6%          4
 Ensorcelled Hibernation  Hex/Ice        6%         N/A       10%         2
 Anguish                  Hex/Necr       1%         N/A       50%         4


Dungeon Overview and Level Annotations

Branches:
Dungeon (5/15)
 Temple: D:4-7

Altars:
Gozag
Uskayaw
Vehumet
Wu Jian
Yredelemnul

Annotations:
D:3 3 runed translucent doors, lunkers's ghost, weakling MeWn


Innate Abilities, Weirdness & Mutations

Your serpentine skin is tough. (AC +2)
You have supernaturally acute eyesight. (SInv)
Armour fits poorly on your strangely shaped body.
Your system is resistant to poisons. (rPois)
You cover ground very slowly.
You can spit poison.
You have a snake-like lower body.


Message History

You feel a strong urge to attack something.
You closely miss the white imp.
The white imp is heavily wounded.
You puncture the white imp!
You kill the white imp!
You puncture the iguana! You drain the iguana.
The iguana is almost dead.
You puncture the iguana!
You kill the iguana!
You hit the scorpion but do no damage. You drain the scorpion.
The scorpion is lightly wounded.
The scorpion closely misses you.
You hit the scorpion.
The scorpion is moderately wounded.
The scorpion stings you.
* * * LOW HITPOINT WARNING * * *
You are lethally poisoned!
The scorpion poisons you!
You are too berserk!
You hit the scorpion. You drain the scorpion.
The scorpion is severely wounded.
* * * LOW HITPOINT WARNING * * *
You feel sick.
You hit the scorpion. You drain the scorpion.
You kill the scorpion!
Your Conjurations skill increases to level 3!
Your Air Magic skill increases to level 3!
You have reached level 7!
* * * LOW HITPOINT WARNING * * *
You feel sick.
You are too berserk!
You feel a strong urge to attack something.
* * * LOW HITPOINT WARNING * * *
You feel sick.
You are no longer berserk.
You are exhausted.
You feel yourself slow down.
Okay, then.
You feel yourself speed up.
You die...

.... #... .....
>.. ......
#####.. ......
#.....## ......
#......####......
#.....PPPPP......
#...P$$$.......
#..@P....##..#.
##..<†...P.#
#....PPPPP..#
#...###..#.##
##.# ####..# #$
#... #. #... ..
..)# # .##


There were no monsters in sight!

Vanquished Creatures
  A necrophage (D:4)
  2 scorpions
  2 iguanas
  An orc wizard (D:4)
  A hound zombie (D:3)
  7 adders
  A white imp (D:5)
  An ufetubus (D:4)
  2 worms
  9 orcs
  5 endoplasms
  8 goblins
  4 hobgoblins
  2 jackals (D:1)
  5 kobolds
  6 quokkas
  8 ball pythons
  6 bats
  2 frilled lizards (D:2)
  A jackal zombie (D:3)
  4 rats
  A toadstool (D:5)
79 creatures vanquished.

Vanquished Creatures (others)
  A fungus (D:3)
  2 toadstools (D:5)
3 creatures vanquished.

Grand Total: 82 creatures vanquished

Notes
Turn   | Place    | Note
-------+----------+-------------------------------------------
     0 | D:1      | croobank the Naga Venom Mage began the quest for the Orb.
     0 | D:1      | Reached XP level 1. HP: 15/15 MP: 3/3
   306 | D:1      | Reached XP level 2. HP: 22/22 MP: 0/5
   309 | D:1      | Learned a level 2 spell: Poisonous Vapours
  1039 | D:2      | Reached XP level 3. HP: 27/28 MP: 4/6
  1241 | D:2      | Learned a level 3 spell: Mephitic Cloud
  1925 | D:3      | Reached skill level 5 in Poison Magic
  1983 | D:3      | Reached XP level 4. HP: 33/36 MP: 1/7
  2355 | D:3      | Found a runed translucent gate.
  2355 | D:3      | Found a runed translucent gate.
  2355 | D:3      | Found a runed translucent gate.
  2355 | D:3      | Noticed lunkers's ghost (weakling MeWn)
  2358 | D:3      | Found a basalt altar of Yredelemnul.
  2441 | D:3      | Reached skill level 1 in Air Magic
  2616 | D:3      | Found a faded altar of an unknown god.
  2643 | D:3      | Found a radiant altar of Vehumet.
  2699 | D:3      | Found an opulent altar of Gozag.
  2804 | D:3      | Reached XP level 5. HP: 38/42 MP: 5/8
  2885 | D:3      | Reached skill level 1 in Conjurations
  3429 | D:4      | Found an ornate altar of the Wu Jian Council.
  3525 | D:4      | Reached XP level 6. HP: 17/49 MP: 10/10
  3950 | D:4      | Found a hide-covered altar of Uskayaw.
  4191 | D:5      | Entered Level 5 of the Dungeon
  4233 | D:5      | HP: 3/73 [poisoned by a scorpion]
  4235 | D:5      | Reached XP level 7. HP: 4/55 MP: 12/12
  4238 | D:5      | Succumbed to a scorpion's poison

Illustrated notes

Levels and vault maps discovered:
D:1:      dpeg_arrival_simpleton_a, layout_basic, palyth_stone_intersect
D:2:      layout_rooms
D:3:      layout_loops_cross, vehumet_crystals,
          nicolae_yredelemnul_ghost_church,
          nicolae_gozag_cash_rules_everything_around_me,
          dreamdust_ecumenical_altar_grove, kennysheep_generic_room_5
D:4:      layout_loops_ring, lemuel_round_altar,
          nicolae_wu_jian_immortal_techniques, minmay_misc_feat_x
D:5:      layout_cave_pools, mainiacjoe_overflow_six_doors_small,
          minmay_gold_behind_fungi, grunt_decor_clamped, hangedman_decor_points,
          minmay_manual_monstrance

Skill      XL: |  1  2  3  4  5  6 |
---------------+-------------------+-----
Poison Magic   | 5 |  5.5
Air Magic      | 1 2 3 |  3.1
Conjurations   | 2 3 |  3.0
Spellcasting   | 3 |  3.6
Dodging        | |  1.8
Stealth        | |  3.5
Transmutations | |  1.7

Action                   |  1- 3 |  4- 6 |  7- 9 || total
-------------------------+-------+-------+-------++-------
Melee: Short sword       |    21 |   104 |       ||   125
       Unarmed           |     6 |       |       ||     6
 Cast: Sting             |    38 |    34 |       ||    72
       Poisonous Vapours |    13 |     8 |       ||    21
       Mephitic Cloud    |       |     1 |       ||     1
 Abil: Spit Poison       |    25 |    20 |       ||    45
  Use: Potion            |       |     2 |     1 ||     3
       Scroll            |       |     9 |       ||     9
 Stab: Sleeping          |       |     1 |       ||     1
Armor: Robe              |     8 |    25 |       ||    33
Dodge: Dodged            |    26 |    60 |       ||    86

Table legend: (Time is in decaauts)
 A = Elapsed time spent in this place.
 B = Non-inter-level travel time spent in this place.
 C = Inter-level travel time spent in this place.
 D = Time resting spent in this place.
 E = Time spent auto-exploring this place.
 F = Levels seen in this place.
 G = Mean time per level.
                   A        B        C        D        E       F      G
               +--------+--------+--------+--------+--------+-----+--------+
         Total |   5249 |   5041 |    208 |    700 |   3431 |   5 | 1049.8 |
       Dungeon |   5249 |   5041 |    208 |    700 |   3431 |   5 | 1049.8 |
               +--------+--------+--------+--------+--------+-----+--------+

Top non-repeatable levels by time:
     D:3: 1619 daAuts
     D:4: 1464 daAuts
     D:1: 1069 daAuts
     D:2: 1046 daAuts
     D:5: 49 daAuts
